 Dungeon Crawl Stone Soup version 0.31.0-11-ge490571c62 (webtiles) character file.

Game seed: 7650202632466644047

167 RancidPinata the Sneak (level 5, -1/37 HPs)
             Began as an Octopode Delver on Feb 1, 2024.
             Frozen to death by an endoplasm (2 damage)
             ... on level 2 of the Dungeon.
             The game lasted 00:09:52 (1551 turns).

RancidPinata the Sneak (Octopode Delver)            Turns: 1551, Time: 00:09:52

Health: -1/37      AC:  1    Str: 11    XL:     5   Next: 48%
Magic:  5/5        EV: 14    Int: 13    God:
Gold:   56         SH:  0    Dex: 15    Spells: 4/4 levels left

rFire   . . .        h - +2 dagger (drain)
rCold   . . .        (no shield)
rNeg    . . .        (helmet restricted)
rPois   .            (no amulet)
rElec   .            (no ring)
rCorr   .            (no ring)
SInv    .            (no ring)
Will    +....        (no ring)
Stlth   +++++        (no ring)
HPRegen 0.26/turn    (no ring)
MPRegen 0.09/turn    (no ring)
                     (no ring)

%: no passive effects
@: enlightened, flying
A: almost no armour, amphibious, 8 rings, camouflage 1, gelatinous body 1,
(nimble swimmer 1), tentacles
a: no special abilities


You were on level 2 of the Dungeon.
You visited 1 branch of the dungeon, and saw 5 of its levels.

You collected 56 gold pieces.

Inventory:

Hand Weapons
 a - a +0 short sword
 h - a +2 dagger of draining (weapon)
Missiles
 g - 8 stones (quivered)
 i - 2 boomerangs
 j - 11 poisoned darts
 m - 3 curare-tipped darts
Wands
 f - a wand of digging (3)
Scrolls
 b - a scroll of fog
 c - 2 scrolls of revelation
 d - 2 scrolls of fear
 l - a scroll of torment {unknown}
Potions
 e - a potion of haste
 k - a potion of enlightenment


   Skills:
 * Level 4.2 Fighting
 + Level 2.8 Short Blades
 * Level 3.5 Dodging
 + Level 7.2 Stealth


You had 4 spell levels left.
You didn't know any spells.
Your spell library was empty.

Dungeon Overview and Level Annotations

Branches:
Dungeon (6/15)
 Temple: D:4-7

Altars:
Dithmenos
Hepliaklqana

Shops:
D:4 [

Annotations:
D:3 Natasha
D:4 Pikel
D:5 2 transporters, jagang's ghost, novice HuMo


Innate Abilities, Weirdness & Mutations

You cannot wear most types of armour.
You are amphibious.
You can wear up to eight rings at the same time.
Your skin changes colour to match your surroundings (Stealth+).
Your rubbery body absorbs attacks. (AC +1, EV +1)
((You are camouflaged when in or above water. (Stealth+)))
You have tentacles for arms and can constrict up to eight enemies at once.


Message History

The orc attacks as it pursues you! The orc hits you with a +0 club.
You hit the orc but do no damage. You grab the orc.
You constrict the orc, but do no damage.
The orc hits you with a +0 short sword.
* * * LOW HITPOINT WARNING * * *
The cerulean imp closely misses you. The orc barely misses you.
You release your grip on the orc.
The orc attacks as it pursues you! The orc hits you with a +0 short sword.
* * * LOW HITPOINT WARNING * * *
There is an escape hatch in the ceiling here.
The orc misses you. A mysterious force pulls you upwards.
The hatch slams shut behind you.
Found a scroll labelled ASEUPO NUNEUBBA.
Found a stone staircase leading up.
The orc barely misses you.
The endoplasm quivers.
The orc attacks as it pursues you! The orc hits you with a +0 short sword.
* * * LOW HITPOINT WARNING * * *
Found 13 gold pieces.
You hit the orc. You drain the orc. Your grab misses the orc.
The orc is almost dead.
The orc barely misses you.
You hit the orc but do no damage. Your grab misses the orc.
Your squeeze misses the orc.
The orc is almost dead.
The endoplasm jiggles.
The orc hits you with a +0 short sword.
* * * LOW HITPOINT WARNING * * *
You barely miss the orc. Your grab misses the orc. You squeeze the orc.
You kill the orc!
You barely miss the endoplasm. The endoplasm freezes you.
You are frozen.
* * * LOW HITPOINT WARNING * * *
It was a potion of enlightenment.
You feel very buoyant.
You fly up into the air.
The endoplasm freezes you.
You are frozen.
You die...

.$ ## #. #. ..#
.#?.# ....#
#.#<# #.#.#
#@#.#
######J#.###.###
#...............
#.#####.........
#..#.#####
#..#.# #..# #
.... #..#.


You could see an endoplasm.

Vanquished Creatures
  A scorpion (D:5)
  A jelly (D:5)
  An iguana (D:5)
  An adder (D:4)
  A dart slug (D:4)
  11 orcs
  An endoplasm (D:3)
  A giant cockroach (D:4)
  3 goblins (D:3)
  A hobgoblin (D:4)
  2 jackals (D:4)
  A kobold (D:4)
  2 ball pythons
  A bat (D:3)
  A rat (D:3)
29 creatures vanquished.

Notes
Turn   | Place    | Note
-------+----------+-------------------------------------------
     0 | D:5      | RancidPinata the Octopode Delver began the quest for the
                  | Orb.
     0 | D:5      | Reached XP level 1. HP: 16/16 MP: 1/1
     1 | D:6      | Noticed a sleepcap
    46 | D:5      | Noticed a scorpion
   261 | D:5      | Found a transporter.
   266 | D:5      | Noticed jagang's ghost (novice HuMo)
   295 | D:5      | Found a transporter.
   295 | D:5      | Noticed an ogre
   296 | D:5      | Identified the +5 dire flail of Symmetry {freeze, rPois rF+
                  | Dex+2 Stlth+}
   296 | D:5      | Noticed an ogre
   327 | D:5      | Noticed a jelly
   330 | D:5      | Noticed an iguana
   341 | D:5      | Killed an iguana
   342 | D:5      | Reached XP level 2. HP: 18/21 MP: 2/2
   342 | D:5      | Reached XP level 3. HP: 22/26 MP: 3/3
   432 | D:5      | Reached XP level 4. HP: 33/33 MP: 4/4
   649 | D:5      | Noticed a scorpion
   684 | D:5      | Killed a scorpion
   685 | D:5      | Reached skill level 7 in Stealth
   685 | D:5      | Reached XP level 5. HP: 37/37 MP: 5/5
   689 | D:4      | Noticed Pikel
   689 | D:4      | Noticed a lemure
   689 | D:4      | Noticed a lemure
   689 | D:4      | Noticed a lemure
   689 | D:4      | Noticed a lemure
  1096 | D:3      | Found a hazy altar of Hepliaklqana.
  1098 | D:3      | Found a shadowy altar of Dithmenos.
  1100 | D:3      | Noticed a shadow
  1161 | D:4      | Found Kigroefe's Antique Armour Emporium.
  1528 | D:3      | Noticed Natasha
  1550 | D:2      | HP: 1/37 [frozen (4)]
  1551 | D:2      | Frozen to death by an endoplasm

Illustrated notes

Levels and vault maps discovered:
D:2:      layout_loops_ring, uniq_terence
D:3:      layout_basic, riverfiend_overflow_shadow_ancestor, hex_medium,
          uniq_natasha
D:4:      layout_layer_cave, minmay_temple_entry_poolview, serial_shops, shop,
          uniq_pikel
D:5:      layout_basic, gammafunk_ghost_smash
D:6:      layout_basic, nicolae_tso_swordbearing_angel, minmay_quadrilaterals

Skill      XL: |  1  2  3  4 |
---------------+-------------+-----
Fighting       | 4 |  4.2
Dodging        | 3 |  3.5
Stealth        | 7 |  7.2
Short Blades   | |  2.8

Action                     |  1- 3 |  4- 6 || total
---------------------------+-------+-------++-------
  Melee: Dagger            |     9 |    39 ||    48
         Tentacles         |     2 |     7 ||     9
         Constrict         |     1 |    10 ||    11
         Punch             |     1 |       ||     1
    Use: Potion            |       |     1 ||     1
   Stab: Sleeping          |     4 |     9 ||    13
 Armour: Skin              |     2 |    15 ||    17
  Dodge: Dodged            |     2 |    16 ||    18
